 Dungeon Crawl Stone Soup version 0.31-a0-691-g409c26aa35 (webtiles) character file.

Game seed: 1674250829921729660

35 lunkers the Insei (level 3, -4/28 HPs)
             Began as a Meteoran Shapeshifter on Sept 6, 2023.
             Was an Initiate of Ru.
             Splashed by a jelly's acid (7 damage)
             ... on level 3 of the Dungeon.
             The game lasted 00:01:08 (751 turns).

lunkers the Insei (Meteoran Shapeshifter)            Turns: 751, Time: 00:01:09

Health: -4/28      AC:  3    Str: 21    XL:     3   Next: 79%
Magic:  0/4        EV: 12    Int: 12    God:    Ru [......]
Gold:   14         SH:  0    Dex: 15    Spells: 2/2 levels left

rFire   . .          .
                       - Unarmed
rCold   . . .        (no shield)
rNeg    . . .        h - +0 leather armour
rPois   .            (helmet currently unavailable)
rElec   .            (cloak currently unavailable)
rCorr   .            (gloves currently unavailable)
SInv    .            (boots currently unavailable)
Will    .....        e - amulet of guardian spirit
Stlth   +            i - +4 ring of slaying
HPRegen 0.24/turn    j - +6 ring of strength
MPRegen 0.09/turn

%: guardian spirit
@: beast-form, glowing
A: beast (slay +2), sense surroundings 1, otherworldly, glowing, explore regen
a: Begin Untransformation, Renounce Religion


You were on level 3 of the Dungeon.
You worshipped Ru.
Ru was noncommittal.
You were a hulking beast.
You visited 2 branches of the dungeon, and saw 5 of its levels.

You collected 14 gold pieces.

Inventory:

Armour
 a - a +0 animal skin
 h - a +0 leather armour (worn)
Jewellery
 e - an amulet of guardian spirit (around neck)
 i - a +4 ring of slaying (left hand)
 j - a +6 ring of strength (right hand)
Talismans
 c - a beast talisman (active)
 d - a flux talisman
Scrolls
 f - a scroll of identify
Potions
 b - a potion of lignification
 g - a potion of cancellation
 k - a potion of degeneration {unknown}


   Skills:
 - Level 1.1 Fighting
 - Level 2.1 Dodging
 * Level 4.8 Unarmed Combat
 + Level 4.1 Shapeshifting


You had 2 spell levels left.
You didn't know any spells.
Your spell library was empty.

Dungeon Overview and Level Annotations

Branches:
Dungeon (4/15) Zot: 1673   Temple (1/1) D:4 Zot: 579

Altars:
Ashenzari
Cheibriados
Dithmenos
Elyvilon
Gozag
Makhleb
Nemelex Xobeh
Qazlal
Ru
Sif Muna
Trog
Vehumet
Wu Jian
Yredelemnul
The Shining One


Innate Abilities, Weirdness & Mutations

You are a hulking beast.
Your limbs bulge with bestial killing power. (Slay +2)
You passively map a small area around you.
You are easily found by Zot.
You glow in the dark.
You regain HP and MP as you explore.


Message History

You hit the goblin.
You kill the goblin!
HP restored.
Found a dagger.
No target in view!
No target in view!
You see here a +0 dagger.
A rat is nearby!
A rat is nearby!
Things that are here:
5 stones; 3 gold pieces A rat is nearby!
There are monsters nearby!
You punch the rat!
You kill the rat!
The kobold hits you with a +0 club.
You hit the kobold.
You kill the kobold!
There are monsters nearby!
You punch the endoplasm!
You kill the endoplasm!
You hit the jelly.
Your hands burn!
The jelly is moderately wounded.
The jelly hits you.
You are splashed with acid!
* * * LOW HITPOINT WARNING * * *
You hit the jelly.
Your hands burn!
* * * LOW HITPOINT WARNING * * *
The jelly is heavily wounded.
The jelly hits you.
* * * LOW HITPOINT WARNING * * *
You are splashed with acid!
* * * LOW MAGIC WARNING * * *
* * * LOW HITPOINT WARNING * * *
You completely miss the jelly.
The jelly is heavily wounded.
The jelly jiggles.
The jelly hits you.
* * * LOW HITPOINT WARNING * * *
You are splashed with acid!
You die...

* ########## * #......?.####
, #.#.......?.# ,
#.#.8.....8.##. ####
#.#............ * ...#
#.#....>....#* ...#
#.#)........#*, * ...#
#.hJ...........
...############.....).....#..
,,
.......).....(.†..8.....8....
...####..##....##.........##.
......#..##....###.....#... ,
......#..##....# #.....#####
, .........#####.# ......
......##.#***#.# *.....# *
.)........ ... , ###


You could see a jelly.

Vanquished Creatures
  An adder (D:4)
  A worm (D:4)
  6 endoplasms
  2 goblins
  2 hobgoblins (D:2)
  2 kobolds
  A ball python (D:1)
  3 bats (D:1)
  3 rats
21 creatures vanquished.

Notes
Turn   | Place    | Note
-------+----------+-------------------------------------------
     0 | D:1      | lunkers the Meteoran Shapeshifter began the quest for the
                  | Orb.
     0 | D:1      | Reached XP level 1. HP: 16/16 MP: 2/2
   173 | D:1      | Reached XP level 2. HP: 23/23 MP: 3/3
   617 | D:2      | You fall into a shaft and drop 2 floors!
   627 | D:4      | Found a staircase to the Ecumenical Temple.
   642 | Temple   | Entered the Ecumenical Temple
   653 | Temple   | Became a worshipper of Ru the Awakened
   675 | D:3      | Noticed a jelly
   677 | D:3      | Reached XP level 3. HP: 28/28 MP: 4/4
   751 | D:3      | Splashed by a jelly's acid

Illustrated notes

Levels and vault maps discovered:
D:1:      matt_arrival_grand_opening, layout_basic, hex_intersection
D:2:      layout_basic, grunt_ministairs_14, minmay_tetromino_o4
D:3:      cheibrodos_greedy_goblins, layout_basic, dreamdust_princess_corridor,
          st_stairs_1, roderic_batcave, uniq_grinder
D:4:      layout_cave_pods, mainiacjoe_overflow_surrounded_room,
          old_standard_altar, minmay_temple_entry_ruins
Temple:   hellmonk_temple_of_storms

Skill      XL: |  1  2  3 |
---------------+----------+-----
Unarmed Combat | 4 |  4.8
Shapeshifting  | 4 |  4.1
Fighting       | |  1.1
Dodging        | |  2.1

Action                     || total
---------------------------++-------
  Melee: Unarmed           ||    43
    Use: Scroll            ||     1
 Armour: Animal skin       ||     6
         Leather armour    ||    12
  Dodge: Dodged            ||    21

Table legend: (Time is in decaauts)
 A = Elapsed time spent in this place.
 B = Non-inter-level travel time spent in this place.
 C = Inter-level travel time spent in this place.
 D = Time resting spent in this place.
 E = Time spent auto-exploring this place.
 F = Levels seen in this place.
 G = Mean time per level.
                   A        B        C        D        E       F      G
               +--------+--------+--------+--------+--------+-----+--------+
         Total |    746 |    700 |     46 |      0 |    542 |   5 |  149.2 |
       Dungeon |    725 |    688 |     37 |      0 |    542 |   4 |  181.2 |
        Temple |     20 |     11 |      9 |      0 |      0 |   1 |   20.0 |
               +--------+--------+--------+--------+--------+-----+--------+

Top non-repeatable levels by time:
     D:1: 475 daAuts
     D:2: 139 daAuts
     D:4: 79 daAuts
     D:3: 32 daAuts
  Temple: 20 daAuts
